Map: Lost and Found LE

Players

Raze - Winner!

  • Race: Protoss Protoss
  • League: Master
  • Spawn Location: 1:00

Dolan

  • Race: Terran Terran
  • League: Grandmaster
  • Spawn Location: 7:00

Event: WCS Montreal 2018

VOD

Have the link to the VOD?

Description

Time

  • Played on: Sept. 7, 2018, 4:18 p.m.
  • Length: 4:33

All games in this series

Show
View Real Time Build Order
Export as new Build Order

Raze Protoss - Winner!

Build Orders: Oracle Opening 

Get SALT Encoding   

  12  0:00  Probe  
  13  0:12  Probe  
  14  0:17  Pylon  
  14  0:23  Probe  
  15  0:31  Probe  
  16  0:37  Gateway  
  16  0:39  Probe  
  16  0:46  Assimilator  
  17  0:51  Probe  
  18  1:01  Probe  
  19  1:08  Assimilator  
  19  1:09  Probe  
  19  1:17  Probe  
  21  1:30  Probe  
  21  1:31  Cybernetics Core  
  22  1:39  Pylon  
  22  1:42  Probe  
  22  1:54  Probe  
  23  2:04  Stalker  
  22  2:09  Probe  
  22  2:11  Stargate  
  24  2:16  Warp Gate  
  24  2:18  Pylon  
  24  2:21  Probe  
  25  2:34  Stalker  
  27  2:47  Gateway  
  27  2:48  Gateway, Oracle  
  30  3:06  Shield Battery  
  30  3:11  Stalker  
  32  3:26  Pylon  
  32  3:32  Oracle  
  33  3:50  Stalker  
  33  3:52  Stalker  
  33  3:55  Zealot  
  39  4:01  Pylon  
Show
View Real Time Build Order
Export as new Build Order

Dolan Terran 

Build Orders:  

Get SALT Encoding   

  12  0:00  SCV  
  13  0:12  SCV  
  14  0:17  Supply Depot  
  14  0:24  SCV  
  15  0:39  SCV  
  15  0:40  Barracks  
  16  0:45  Refinery  
  16  0:51  SCV  
  16  0:55  Refinery  
  17  1:03  SCV  
  18  1:15  SCV  
  19  1:26  Marine  
  19  1:31  Orbital Command  
  20  1:33  Factory  
  20  1:42  Supply Depot  
  20  1:57  SCV, Barracks Reactor  
  20  2:14  SCV  
  21  2:34  Marine x2  
  23  2:42  SCV  
  24  2:46  Factory Tech Lab  
  24  2:47  Starport  
  24  2:48  Supply Depot  
  23  2:52  Marine x2  
  25  3:06  Siege Tank  
  25  3:09  SCV, Marine x2  
  27  3:27  Marine x2  
  27  3:28  Medivac  
  29  3:38  Siege Tank  
  31  3:45  Marine x2  
  32  3:48  SCV  
  33  4:00  SCV  
  37  4:03  Marine x2  
  39  4:11  Engineering Bay  
Tags
 
Add a new tag
Caveats
  • Supply blocks, unpowered buildings, or Contaminate may cause inaccurate times.
  • Supply counts are checked every 10 seconds.